 Dungeon Crawl Stone Soup version 0.23-a0-730-g0b75920 (webtiles) character file.

375 tatocazan the Skirmisher (level 7, 0/56 HPs)
             Began as a Formicid Fighter on Jan 17, 2019.
             Killed from afar by an orc wizard (9 damage)
             ... with a puff of flame
             ... on level 4 of the Dungeon.
             The game lasted 00:03:20 (3474 turns).

tatocazan the Skirmisher (Formicid Fighter)         Turns: 3474, Time: 00:03:21

Health: 0/56       AC:  7    Str: 23    XL:     7   Next: 3%
Magic:  7/7        EV:  8    Int:  7    God:
Gold:   181        SH: 10    Dex: 10    Spells: 6/6 levels left

rFire    . . .     SeeInvis +   a - +0 long sword
rCold    . . .     Gourm    .   c - +0 shield
rNeg     . . .     Faith    .   b - +0 scale mail
rPois    .         Spirit   .   (helmet unavailable)
rElec    .         Reflect  .   (no cloak)
rCorr    .         Harm     .   (no gloves)
MR       .....                  (no boots)
Stlth    ..........             (no amulet)
HPRegen  0.18/turn              (no ring)
MPRegen  0.10/turn              (no ring)

@: no status effects
A: permanent stasis, dig shafts and tunnels, four strong arms, antennae 3
a: Dig, Shaft Self


You were on level 4 of the Dungeon.
You were not hungry.

You visited 2 branches of the dungeon, and saw 5 of its levels.

You collected 181 gold pieces.

Inventory:

Hand Weapons
 a - a +0 long sword (weapon)
Armour
 b - a +0 scale mail (worn)
 c - a +0 shield (worn)
 g - a +0 large shield
Jewellery
 q - an uncursed ring of protection from fire {unknown}
Scrolls
 h - 3 scrolls of magic mapping {unknown}
 i - 2 scrolls of identify {unknown}
 j - 2 scrolls of enchant armour {unknown}
 k - a scroll of amnesia {unknown}
 l - a scroll of noise {unknown}
 m - 2 scrolls of teleportation {unknown}
 o - 3 scrolls of remove curse {unknown}
 s - a scroll of enchant weapon {unknown}
 t - a scroll of fog {unknown}
Potions
 d - a potion of ambrosia {unknown}
 e - a potion of berserk rage {unknown}
 n - 2 potions of heal wounds {unknown}
 p - 2 potions of curing
Comestibles
 f - 5 rations
 r - 9 chunks of flesh


   Skills:
 * Level 5.3 Fighting
 * Level 4.2 Long Blades
 + Level 4.3 Armour
 + Level 4.9 Shields


You had 6 spell levels left.
You didn't know any spells.
Your spell library was empty.

Dungeon Overview and Level Annotations

Branches:
Dungeon (4/15)             Temple (1/1) D:4

Altars:
Cheibriados
Dithmenos
Fedhas
Hepliaklqana
Nemelex Xobeh
Okawaru
Qazlal
Ru
Sif Muna
Trog
Yredelemnul
Lugonu


Innate Abilities, Weirdness & Mutations

You cannot be hasted, slowed, berserked, paralysed or teleported.
You can dig through walls and to a lower floor.
Your four strong arms can wield two-handed weapons with a shield.
You have a pair of large antennae on your head. (SInv)


Message History

The orc wizard casts a spell at you. The magic dart hits you!
* * * LOW HITPOINT WARNING * * *
You take 5 damage, and have 6/56 hp.
Your shield and scale mail prevent you from hitting the orc wizard.
The orc wizard is heavily wounded.
The orc wizard hits you with a +0 dagger.
* * * LOW HITPOINT WARNING * * *
You take 4 damage, and have 2/56 hp.
It was a potion of curing.
You feel better. You block the orc wizard's attack.
You regained 7 hp, and now have 9/56 hp.
You hit the orc wizard.
The orc wizard is severely wounded.
The orc wizard closely misses you.
The orc wizard hits you but does no damage.
You hit the orc wizard.
The orc wizard is severely wounded.
The orc wizard casts a spell at you. The puff of flame hits you!
You die...

#...รท####..# #####
#.##......### #...####
.(.######....######
#.#.#.#. ...###
#.#.......###....... .##.
#.#######.....#.##+# . #.#
##......#... ## #.#
###..#.'...
.######.##########....#...
.......oo@..........#.##+#
..####o############......
#.# ##.#.#. #{.......
###### #%....... #........
......... .........
#........


You could see an orc wizard (invisible) and 2 orcs.

Vanquished Creatures
  A sky beast (D:2)
  3 orc priests
  An orc wizard (D:4)
  A worker ant (D:4)
  A hound skeleton (D:4)
  4 adders
  2 dart slugs (D:1)
  3 worms
  2 leopard geckos
  12 orcs
  2 ball pythons (D:3)
  6 bats
  4 giant cockroaches
  3 goblins
  6 hobgoblins
  8 jackals
  A kobold (D:1)
  2 quokkas
  2 frilled lizards (D:2)
  5 rats
  A demonic plant (Temple)
70 creatures vanquished.

Notes
Turn   | Place    | Note
-------+----------+-------------------------------------------
     0 | D:1      | tatocazan the Formicid Fighter began the quest for the Orb.
     0 | D:1      | Reached XP level 1. HP: 18/18 MP: 1/1
    26 | D:1      | Reached XP level 2. HP: 18/24 MP: 2/2
   177 | D:1      | Reached XP level 3. HP: 28/29 MP: 3/3
   709 | D:2      | Noticed a sky beast
   720 | D:2      | Killed a sky beast
   720 | D:2      | Reached skill level 4 in Fighting
   720 | D:2      | Reached XP level 4. HP: 19/38 MP: 4/4
   720 | D:2      | Reached XP level 5. HP: 21/43 MP: 5/5
  2070 | D:3      | Reached XP level 6. HP: 39/50 MP: 6/6
  2222 | D:3      | Found a bloodstained altar of Trog.
  2233 | D:3      | Found a sparkling altar of Nemelex Xobeh.
  2633 | D:3      | Reached skill level 5 in Fighting
  3122 | D:4      | Found a staircase to the Ecumenical Temple.
  3134 | Temple   | Entered the Ecumenical Temple
  3455 | D:4      | Reached XP level 7. HP: 22/56 MP: 7/7
  3471 | D:4      | HP: 2/56 [orc wizard/+0 dagger (4)]
  3474 | D:4      | Killed from afar by an orc wizard

Vault maps used:
D:1:      nzn_arrival_water_spiral
D:3:      nicolae_overflow_hidden_temple, corexii_leaking_fountain
D:4:      chequers_temple_overflow_minitemple, kennysheep_mini_moat,
          gammafunk_temple_overflow_statue, minmay_temple_entry_proselytizer,
          first_ration, minmay_misc_feat_doors, minmay_ruined_shrine
Temple:   kb_corrupted_temple

Skill      XL: |  1  2  3  4  5  6 |
---------------+-------------------+-----
Fighting       | 4 5 |  5.3
Long Blades    | 3 4 |  4.2
Shields        | 4 |  4.9
Armour         | 4 |  4.3

Action                   |  1- 3 |  4- 6 |  7- 9 || total
-------------------------+-------+-------+-------++-------
Melee: Long sword        |    89 |   193 |    15 ||   297
 Abil: Dig               |       |     1 |       ||     1
  Use: Potion            |     1 |       |     1 ||     2
  Eat: Chunk             |       |     6 |       ||     6
       Ration            |       |     1 |       ||     1
Armor: Scale mail        |    49 |    56 |     5 ||   110
Dodge: Dodged            |    30 |    54 |     3 ||    87
Block: Shield            |    60 |    88 |     5 ||   153
       Rpst.: Long sword |    11 |    17 |     2 ||    30

Table legend:
 A = Non-vault XP
 B = Vault XP
 C = Vault XP percentage of total XP
 D = Non-vault monster count
 E = Vault monster count
 F = Vault count percentage of total count
                 A         B        C        D         E       F
            +---------+---------+-------+---------+---------+-------
      Total |     492 |      44 |   8.2 |      68 |       1 |   1.4
            +---------+---------+-------+---------+---------+-------
        D:1 |      44 |       0 |   0.0 |      22 |       0 |   0.0
        D:2 |     147 |       0 |   0.0 |       8 |       0 |   0.0
        D:3 |     175 |       0 |   0.0 |      26 |       0 |   0.0
        D:4 |     126 |      44 |  25.9 |      12 |       1 |   7.7
            +---------+---------+-------+---------+---------+-------
